 Dungeon Crawl Stone Soup version 0.19-a0-1498-g0b85ae9 (webtiles) character file.

26 4thArraOfDagon the Ruffian (level 2, -4/24 HPs)
             Began as a Troll Ice Elementalist on Sept 10, 2016.
             Slain by a giant frog (8 damage)
             ... on level 3 of the Dungeon.
             The game lasted 00:01:25 (285 turns).

4thArraOfDagon the Ruffian (Troll Ice Elementalist)  Turns: 285, Time: 00:01:27

Health: -4/24      AC:  5    Str: 15    XL:     2   Next: 89%
Magic:  2/2        EV:  5    Int: 11    God:
Gold:   67         SH: 11    Dex: 10    Spells: 1 memorised, 2 levels left

rFire  . . .     SeeInvis .       - Unarmed
rCold  . . .     Gourm    +     a - +0 robe
rNeg   . . .     Faith    .     f - +0 large shield
rPois  .         Spirit   .     (helmet restricted)
rElec  .         Dismiss  .     (no cloak)
rCorr  .         Reflect  .     (gloves unavailable)
MR     .....     Harm     .     (boots unavailable)
Stlth  +.........               (no amulet)
                                (no ring)
                                i - +2 ring of slaying

@: no status effects
A: unfitting armour, claws 3, fast metabolism 3, gourmand, regeneration 1,
shaggy fur 1, tough skin 2
a: no special abilities


You were on level 3 of the Dungeon.
You were very full.

You visited 1 branch of the dungeon, and saw 3 of its levels.

You collected 67 gold pieces.

Inventory:

Armour
 a - a +0 robe (worn)
 f - a +0 large shield (worn)
Jewellery
 i - a +2 ring of slaying (left claw)
Scrolls
 d - 2 scrolls of remove curse {unknown}
 e - a scroll of blinking {unknown}
 g - 2 scrolls of identify {unknown}
 j - a scroll of enchant armour {unknown}
 k - a scroll of fear {unknown}
Potions
 h - a potion of brilliance {unknown}
Books
 b - a book of Frost

   Spells                             Type                      Level
   a - Freeze                         Ice                          1
   b - Throw Frost                    Conjuration/Ice              2
   c - Ozocubu's Armour               Charms/Ice                   3
   d - Throw Icicle                   Conjuration/Ice              4
   e - Summon Ice Beast               Ice/Summoning                4
Comestibles
 c - 2 bread rations


   Skills:
 - Level 1.5 Dodging
 - Level 1.1 Stealth
 + Level 0.8 Shields
 * Level 2.2 Unarmed Combat
 - Level 1.2 Spellcasting
   Level 0.6 Conjurations
 - Level 2.1 Ice Magic


You had 2 spell levels left.
You knew the following spells:

 Your Spells              Type           Power        Failure   Level  Hunger
a - Freeze                Ice            #...         100%        1    ##.....


Dungeon Overview and Level Annotations

Branches:
Dungeon (2/15)

Altars:


Innate Abilities, Weirdness & Mutations

You are too large for most types of armour.
You have claws for hands.
Your metabolism is lightning-fast.
You like to eat raw meat.
Your natural rate of healing is unusually fast.
You are covered in fur. (AC +1)
You have very tough skin. (AC +2)


Message History

You scratch the giant frog.
The giant frog is almost dead.
The giant frog hits you. You block the rat's attack. The giant frog hits you.
You closely miss the giant frog.
The giant frog is almost dead.
You block the rat's attack. The giant frog barely misses you.
You closely miss the giant frog.
The giant frog is almost dead.
The giant frog hits you. You block the rat's attack. The giant frog hits you.
* * * LOW HITPOINT WARNING * * *
You block the rat's attack.
You are too injured to fight recklessly!
You are too injured to fight recklessly!
You are too injured to fight recklessly!
Unknown command.
Okay, then.
Your shield prevents you from hitting the giant frog.
The giant frog is almost dead.
You block the giant frog's attack. The giant frog hits you!
You die...

#.#
#.#
#.#
#.#
#.#
#.#
#r#
#@#
#F#
#.#
#.#
#.#
#.#
#.#
#..


You could see a giant frog and a rat.

Vanquished Creatures
  An adder (D:2)
  An ooze (D:1)
  A giant gecko (D:1)
  5 goblins
  A hobgoblin (D:1)
  2 kobolds (D:1)
  A bat (D:1)
  A giant newt (D:1)
  A rat (D:1)
14 creatures vanquished.

Notes
Turn   | Place    | Note
-------+----------+-------------------------------------------
     0 | D:1      | 4thArraOfDagon the Troll Ice Elementalist began the quest for the Orb.
     0 | D:1      | Reached XP level 1. HP: 16/16 MP: 1/1
    43 | D:1      | Reached skill level 1 in Unarmed Combat
    78 | D:1      | Reached XP level 2. HP: 17/24 MP: 2/2
   277 | D:2      | You fall through a shaft!
   277 | D:3      | Noticed a giant frog
   285 | D:3      | Slain by a giant frog

Vault maps used:
D:1:      roderic_chinese_lattice_arrival, ashenzari_altar_1
D:3:      fiery_altar_vehumet, first_bread, uniq_crazy_yiuf_cottage,
          uniq_jessica

Skill      XL: |  1  2 |
---------------+-------+-----
Unarmed Combat | 1 2 |  2.2
Dodging        | |  1.5
Stealth        | |  1.1
Shields        | |  0.8
Spellcasting   | |  1.2
Conjurations   | |  0.6
Ice Magic      | |  2.1

Action                   || total
-------------------------++-------
Melee: Unarmed           ||    46
  Eat: Chunk             ||     6
Armor: Robe              ||    27
Dodge: Dodged            ||    12
Block: Large shield      ||    41
